Map: Inside and Out

Players

RudiMental - Winner!

  • Race: Protoss Protoss
  • League: Diamond
  • Spawn Location: 1:00

Fohnzii

  • Race: Zerg Zerg
  • League: Diamond
  • Spawn Location: 7:00

VOD

Have the link to the VOD?

Description

Time

  • Played on: Nov. 29, 2022, 11:19 a.m.
  • Length: 15:27
Show
View Real Time Build Order
Export as new Build Order

RudiMental Protoss - Winner!

Build Orders: 1 Gate Expand 

Get SALT Encoding   

  12  0:00  Probe  
  13  0:12  Probe  
  14  0:20  Pylon  
  14  0:24  Probe  
  15  0:38  Probe (Chrono Boost)  
  16  0:43  Gateway  
  16  0:47  Probe (Chrono Boost)  
  16  0:49  Assimilator  
  17  0:55  Probe  
  18  1:07  Probe  
  19  1:19  Probe  
  20  1:28  Nexus  
  20  1:32  Probe (Chrono Boost)  
  21  1:44  Cybernetics Core  
  21  1:47  Probe (Chrono Boost)  
  22  1:56  Probe  
  22  2:00  Pylon  
  23  2:08  Assimilator  
  23  2:18  Probe  
  24  2:23  Warp Gate  
  24  2:24  Adept  
  26  2:30  Probe  
  26  2:34  Gateway  
  27  2:41  Twilight Council  
  27  2:42  Probe (Chrono Boost)  
  27  2:43  Probe (Chrono Boost)  
  30  2:51  Probe (Chrono Boost)  
  30  2:52  Pylon  
  30  2:53  Probe (Chrono Boost)  
  30  2:57  Probe  
  32  3:11  Adept  
  34  3:14  Resonating Glaives (Chrono Boost), Probe x2  
  34  3:18  Pylon  
  35  3:23  Adept  
  37  3:36  Gateway  
  37  3:38  Gateway  
  37  3:40  Robotics Facility  
  37  3:46  Probe (Chrono Boost)  
  39  3:51  Probe (Chrono Boost)  
  38  3:56  Probe (Chrono Boost)  
  38  3:59  Probe (Chrono Boost)  
  38  4:00  Probe (Chrono Boost)  
  40  4:10  Probe  
  40  4:11  Adept x2  
  45  4:20  Probe  
  46  4:30  Probe  
  47  4:36  Adept x3  
  47  4:37  Adept  
  55  4:39  Probe  
  55  4:42  Observer, Probe  
  58  4:51  Pylon  
  58  4:58  Probe x2  
  60  5:00  Nexus  
  60  5:01  Stalker  
  60  5:02  Pylon  
  62  5:19  Blink (Chrono Boost), Probe x2  
  64  5:22  Assimilator  
  64  5:23  Stalker  
  64  5:28  Pylon  
  66  5:35  Forge  
  66  5:36  Gateway, Probe  
  66  5:38  Gateway  
  66  5:40  Gateway  
  67  5:44  Probe  
  64  5:58  Probe  
  64  6:03  Probe  
  66  6:10  Probe  
  65  6:13  Protoss Ground Weapons Level 1 (Chrono Boost)  
  65  6:15  Probe  
  65  6:17  Adept x3  
  65  6:18  Adept  
  73  6:22  Probe  
  72  6:28  Probe  
  65  6:35  Immortal  
  61  6:43  Stalker x4  
  61  6:44  Stalker x2  
  61  6:45  Stalker  
  73  7:03  Probe  
  73  7:05  Pylon  
  74  7:11  Pylon  
  74  7:14  Warp Prism  
  76  7:17  Forge  
  76  7:19  Gateway  
  76  7:21  Pylon  
  76  7:25  Stalker x4  
  76  7:29  Templar Archives  
  84  7:31  Shield Battery  
  84  7:35  Shield Battery, Photon Cannon  
  84  7:38  Photon Cannon  
  84  7:39  Probe x3  
  84  7:40  Pylon  
  87  7:45  Assimilator  
  87  7:51  Pylon, Probe  
  88  7:57  Probe  
  90  8:00  Immortal (Chrono Boost)  
  90  8:03  Charge (Chrono Boost)  
  90  8:04  Probe  
  94  8:07  Probe  
  94  8:09  Protoss Ground Armor Level 1 (Chrono Boost)  
  95  8:12  Assimilator  
  95  8:13  Assimilator  
  95  8:20  Photon Cannon  
  95  8:22  Pylon  
  95  8:26  Gateway, Probe  
  96  8:28  Sentry  
  96  8:29  Pylon, Zealot x3  
  104  8:35  Probe  
  105  8:41  High Templar x2  
  105  8:44  Zealot  
  105  8:45  Zealot  
  105  8:46  Protoss Ground Weapons Level 2 (Chrono Boost), Archon  
  105  8:47  Probe x2  
  116  8:48  Probe  
  116  8:59  Probe x2  
  116  9:00  Probe  
  119  9:04  Observer  
  120  9:11  Probe x2  
  120  9:12  Probe  
  120  9:16  High Templar x2  
  127  9:17  Zealot x3  
  127  9:22  Pylon, Archon  
  127  9:23  Nexus  
  133  9:25  Pylon  
  131  9:42  Robotics Bay  
  131  9:44  Pylon  
  131  9:47  Pylon  
  131  9:55  Zealot x6  
  141  10:11  Probe  
  140  10:15  High Templar x3  
  140  10:16  High Templar x3  
  140  10:19  Archon x3  
  148  10:21  Zealot x3  
  148  10:28  Pylon, Photon Cannon  
  148  10:30  Photon Cannon  
  148  10:31  Probe  
  148  10:32  Photon Cannon  
  148  10:34  Photon Cannon  
  148  10:35  Protoss Ground Armor Level 2 (Chrono Boost)  
  149  10:39  Dark Shrine  
  149  10:42  Assimilator  
  149  10:46  Assimilator  
  149  10:47  Zealot x3  
  155  10:51  Gateway  
  155  10:53  Gateway  
  155  11:01  Probe  
  155  11:02  Probe  
  155  11:03  Gateway  
  153  11:04  Gateway  
  153  11:06  Gateway  
  151  11:12  Pylon  
  151  11:14  Zealot  
  151  11:15  Zealot x5  
  151  11:17  Disruptor  
  166  11:23  Protoss Ground Weapons Level 3 (Chrono Boost)  
  166  11:53  Observer  
  163  12:14  Disruptor  
  128  12:20  Dark Templar x9  
  122  12:29  Zealot x5  
  126  12:49  Warp Prism  
  118  12:53  Zealot x7  
  112  13:14  Probe  
  112  13:17  Probe  
  112  13:19  Zealot x7  
  126  13:23  Probe  
  117  13:37  Disruptor  
  108  13:49  High Templar x8  
  124  14:03  Gateway, Photon Cannon  
  124  14:06  Archon x4  
  124  14:08  Stalker  
  124  14:09  Stalker x3  
  132  14:11  Stalker  
  132  14:13  Disruptor  
  137  14:35  Zealot  
  137  14:36  Zealot x6, Nexus  
  137  14:37  Zealot  
  137  14:38  Pylon, Zealot x5  
  169  15:02  Zealot x6  
  167  15:20  Zealot x3  
Show
View Real Time Build Order
Export as new Build Order

Fohnzii Zerg 

Build Orders: Hatch First, Lurkers 

Get SALT Encoding   

  12  0:00  Drone  
  13  0:12  Overlord  
  13  0:16  Drone  
  14  0:30  Drone x2  
  14  0:35  Drone  
  17  0:57  Drone  
  17  0:59  Extractor  
  17  1:03  Hatchery  
  16  1:08  Drone x2  
  18  1:21  Spawning Pool  
  18  1:22  Drone  
  18  1:31  Drone  
  19  1:39  Drone  
  20  1:49  Overlord  
  20  2:08  Metabolic Boost  
  20  2:09  Queen  
  20  2:15  Queen  
  22  2:17  Zergling x6  
  28  2:22  Drone  
  28  2:28  Drone  
  29  2:32  Drone  
  30  2:39  Overlord  
  30  2:45  Queen  
  30  2:51  Queen  
  33  3:03  Hatchery  
  32  3:08  Drone x2  
  34  3:16  Drone x3  
  34  3:19  Overlord  
  37  3:31  Queen  
  39  3:36  Drone  
  39  3:37  Extractor, Drone x2  
  39  3:38  Drone  
  42  3:54  Drone x5  
  47  3:56  Drone  
  48  4:03  Roach Warren  
  48  4:05  Evolution Chamber  
  46  4:12  Queen, Evolution Chamber  
  46  4:27  Zergling x16  
  53  4:35  Queen  
  53  4:36  Overlord  
  55  4:41  Zerg Melee Weapons Level 1  
  55  4:46  Zerg Ground Armor Level 1  
  55  4:49  Zergling x4  
  57  5:02  Drone x4  
  57  5:03  Overlord x2  
  58  5:23  Roach x7  
  72  5:29  Drone x3  
  72  5:31  Overlord  
  75  5:41  Drone x5  
  75  5:42  Drone  
  77  6:05  Drone x15  
  76  6:21  Roach x3  
  78  6:26  Queen  
  75  6:41  Drone x7  
  82  6:49  Drone x4  
  82  6:54  Overlord  
  84  7:04  Zergling x14  
  85  7:17  Zergling x12  
  85  7:20  Queen  
  85  7:22  Overlord x2  
  93  7:26  Lair  
  94  7:30  Drone x3  
  94  7:34  Overlord  
  94  7:35  Pneumatized Carapace  
  96  7:45  Overlord x2  
  96  7:50  Zerg Missile Weapons Level 1  
  96  8:05  Roach x9  
  114  8:20  Extractor x2  
  114  8:22  Extractor x2, Drone x3  
  114  8:23  Overlord x4  
  113  8:28  Spore Crawler  
  113  8:31  Spore Crawler  
  113  8:32  Spore Crawler  
  110  8:37  Drone x3  
  110  8:38  Drone  
  114  8:43  Roach  
  114  8:44  Roach x6, Ravager  
  114  8:45  Ravager x2  
  131  9:03  Zergling x14, Hydralisk Den  
  137  9:20  Overseer  
  137  9:32  Overlord x4  
  137  9:33  Hydralisk x4  
  145  9:42  Glial Reconstitution  
  139  9:58  Roach x3  
  139  9:59  Roach x10  
  153  10:16  Drone x8  
  157  10:34  Overlord x2  
  157  10:40  Lurker Den  
  156  10:43  Hatchery  
  155  10:51  Roach x5  
  165  10:57  Grooved Spines  
  163  11:09  Overlord  
  163  11:10  Overlord x3  
  163  11:21  Zerg Missile Weapons Level 2, Zerg Ground Armor Level 2  
  163  11:23  Overlord x3  
  163  11:35  Hydralisk x6  
  163  11:37  Overlord  
  176  11:47  Lurker x4  
  176  11:52  Roach x8  
  181  12:13  Zergling x20  
  119  12:43  Overseer  
  119  12:44  Overseer x2  
  111  12:46  Roach x16  
  115  13:01  Roach x4  
  115  13:02  Roach  
  103  13:05  Overseer  
  62  13:25  Drone x2  
  62  13:26  Drone x6  
  59  13:40  Queen  
  57  13:56  Drone x4  
  57  14:02  Overseer  
  61  14:05  Queen  
  63  14:21  Drone x3  
  63  14:22  Drone x2  
  68  14:32  Queen  
  70  14:44  Drone x6  
Tags
 
Add a new tag
Caveats
  • Supply blocks, unpowered buildings, or Contaminate may cause inaccurate times.
  • Supply counts are checked every 10 seconds.